 Dungeon Crawl Stone Soup version 0.29.1-15-g9cfb28693d (webtiles) character file.

Game seed: 13943756034115320101

117 Descartes the Shield-Bearer (level 5, -3/42 HPs)
             Began as a Formicid Fighter on Apr 1, 2023.
             Slain by a gnoll
             ... wielding a +0 halberd
              (4 damage)
             ... on level 2 of the Dungeon.
             The game lasted 00:01:44 (1736 turns).

Descartes the Shield-Bearer (Formicid Fighter)      Turns: 1736, Time: 00:01:45

Health: -3/42      AC:  7    Str: 23    XL:     5   Next: 22%
Magic:  7/7        EV:  9    Int:  7    God:
Gold:   71         SH:  5    Dex: 13    Spells: 7/7 levels left

rFire   . . .      SeeInvis +   a - +0 war axe
rCold   . . .      Faith    .   c - +0 buckler
rNeg    . . .      Spirit   .   b - +0 scale mail
rPois   .          Reflect  .   (helmet unavailable)
rElec   .          Harm     .   (no cloak)
rCorr   .          Rampage  .   (no gloves)
Will    .....                   (no boots)
Stlth   ..........              (no amulet)
HPRegen 0.14/turn               (no ring)
MPRegen 0.10/turn               (no ring)

@: no status effects
A: permanent stasis, dig shafts and tunnels, antennae 3, four strong arms
a: Dig, Shaft Self


You were on level 2 of the Dungeon.
You visited 1 branch of the dungeon, and saw 2 of its levels.

You collected 71 gold pieces.

Inventory:

Hand Weapons
 a - a +0 war axe (weapon)
Armour
 b - a +0 scale mail (worn)
 c - a +0 buckler (worn)
Scrolls
 f - 3 scrolls of identify {unknown}
 g - 3 scrolls of teleportation {unknown}
 h - a scroll of summoning {unknown}
Potions
 d - a potion of might
 e - a potion of berserk rage {unknown}
 i - a potion of curing {unknown}


   Skills:
 + Level 3.8 Fighting
 + Level 2.6 Axes
 + Level 3.8 Armour
 + Level 4.8 Shields
 + Level 1.5 Spellcasting
 + Level 1.9 Earth Magic


You had 7 spell levels left.
You didn't know any spells.
Your spell library contained the following spells:

 Spells                   Type           Power      Damage    Failure   Level
 Apportation              Tloc           0%         N/A       77%         1
 Necrotise                Necr           0%         1d4       77%         1
 Summon Small Mammal      Summ           0%         N/A       77%         1


Dungeon Overview and Level Annotations

Branches:
Dungeon (2/15)

Altars:

Annotations:
D:2 Sigmund


Innate Abilities, Weirdness & Mutations

You cannot be hasted, slowed, berserked, paralysed or teleported.
You can dig through walls and to a lower floor.
You have a pair of large antennae on your head. (SInv)
Your four strong arms can wield two-handed weapons with a shield.


Message History

A gnoll comes into view. It is wielding a +0 halberd.
A gnoll comes into view. It is wielding a +0 whip.
You hear a shout!
The gnoll shouts!
The hobgoblin drinks a potion.
The hobgoblin seems to grow stronger.
The ball python bites you but does no damage.
The ball python grabs you. The ball python constricts you.
You slash the ball python!
You kill the ball python!
Sigmund the Dreaded comes into view.
He is wielding a +0 scythe.
The hobgoblin hits you but does no damage.
A gnoll comes into view. It is wielding a +0 flail.
The hobgoblin hits you from afar with a +0 spear.
Sigmund moves out of view.
You slash the gnoll!
The gnoll is severely wounded.
You block the gnoll's attack. You block the hobgoblin's attack.
Unknown command.
Sigmund shouts!
You slash the gnoll!
You kill the gnoll!
The hobgoblin closely misses you.
The hobgoblin hits you from afar with a +0 spear!
Unknown command.
The gnoll hits you with a +0 flail. The hobgoblin hits you with a +0 spear!
You see here a ball python corpse.
Unknown command.
You are too injured to fight recklessly!
The hobgoblin hits you but does no damage.
You barely miss the gnoll. You closely miss the gnoll.
The gnoll hits you with a +0 flail!
* * * LOW HITPOINT WARNING * * *
The hobgoblin hits you from afar with a +0 spear.
* * * LOW HITPOINT WARNING * * *
The gnoll completely misses you. The gnoll hits you with a +0 whip.
* * * LOW HITPOINT WARNING * * *
You barely miss the gnoll. You hit the gnoll. Sigmund barely misses you.
The gnoll closely misses you. The hobgoblin barely misses you.
The gnoll hits you from afar with a +0 halberd.
You die...

############
...........#######
.#########.......#
.# #######.# .#
##g######. .#
#.@)g.....
.#######
#.g#####..
........{
#.g@......
........
#...####.#
..)..... #....
........ >.....
.#...... ...#..##
.#..#### ... ...
.#..# ##.. ..##


You could see Sigmund, 3 gnolls and a hobgoblin (strong).

Vanquished Creatures
  Terence (D:2)
  5 gnolls (D:2)
  A worm (D:2)
  5 endoplasms
  3 goblins (D:1)
  3 hobgoblins
  2 jackals (D:1)
  3 quokkas
  4 ball pythons
  4 bats
  A frilled lizard (D:2)
  3 kobolds
  4 rats
39 creatures vanquished.

Notes
Turn   | Place    | Note
-------+----------+-------------------------------------------
     0 | D:1      | Descartes the Formicid Fighter began the quest for the Orb.
     0 | D:1      | Reached XP level 1. HP: 18/18 MP: 1/1
   156 | D:1      | Found a faded altar of an unknown god.
   213 | D:1      | Reached XP level 2. HP: 15/24 MP: 2/2
   816 | D:2      | Noticed Terence
   835 | D:2      | Killed Terence
   836 | D:2      | Reached skill level 1 in Spellcasting
   836 | D:2      | Reached skill level 1 in Earth Magic
   836 | D:2      | Reached XP level 3. HP: 17/29 MP: 2/4
   982 | D:2      | Reached XP level 4. HP: 36/36 MP: 5/5
  1426 | D:2      | Reached XP level 5. HP: 4/42 MP: 5/7
  1730 | D:2      | Noticed Sigmund
  1735 | D:2      | HP: 1/42 [gnoll/+0 whip (3)]
  1736 | D:2      | Slain by a gnoll

Illustrated notes

Levels and vault maps discovered:
D:1:      dpeg_arrival_erosion, layout_basic,
          shapermc_ecumenical_altar_starsandcircs
D:2:      layout_loops_ring, uniq_sigmund, uniq_terence

Skill      XL: |  1  2 |
---------------+-------+-----
Spellcasting   | 1 |  1.5
Earth Magic    | 1 |  1.9
Fighting       | |  3.8
Axes           | |  2.6
Armour         | |  3.8
Shields        | |  4.8

Action                   |  1- 3 |  4- 6 || total
-------------------------+-------+-------++-------
Melee: War axe           |    64 |    58 ||   122
Armor: Scale mail        |    34 |    12 ||    46
Dodge: Dodged            |    37 |    23 ||    60
Block: Buckler           |    21 |    17 ||    38
